 Dungeon Crawl Stone Soup version 0.30-a0-424-g7412bad402 (webtiles) character file.

Game seed: 17762867117462357710

1386 Sabo the Trooper (level 8, -1/51 HPs)
             Began as a Gargoyle Berserker on Dec 9, 2022.
             Was a Priest of Trog.
             Slain by a gnoll sergeant
             ... wielding a +0 spear
              (3 damage)
             ... on level 7 of the Dungeon.
             The game lasted 00:22:36 (3794 turns).

Sabo the Trooper (Gargoyle Berserker)               Turns: 3794, Time: 00:22:37

Health: -1/51      AC: 21    Str: 30    XL:     8   Next: 67%
Magic:  8/8        EV:  8    Int:  7    God:    Trog [***...]
Gold:   124        SH:  0    Dex:  9    Spells: 7/7 levels left

rFire   . . .      SeeInvis .    l - +9 long sword of Ankomaem {freeze, rC+}
rCold   + . .      Faith    .    (no shield)
rNeg    + . .      Spirit   .    z - +1 plate armour {rPois}
rPois   ∞          Reflect  .    (no helmet)
rElec   +          Harm     .    a - +1 cloak
rCorr   .          Rampage  .    (no gloves)
Will    .....                    (no boots)
Stlth   ..........               (no amulet)
HPRegen 0.28/turn                q - +6 ring of strength
MPRegen 0.11/turn                (no ring)

@: on berserk cooldown, slowed, very slow
A: sickness immunity, AC +5, negative energy resistance 1, electricity
resistance, torment resistance 1, petrification resistance
a: Renounce Religion, Berserk, Trog's Hand


You were on level 7 of the Dungeon.
You worshipped Trog.
Trog was most pleased with you.
You visited 1 branch of the dungeon, and saw 5 of its levels.

You collected 124 gold pieces.

Inventory:

Hand Weapons
 l - the +9 long sword of Ankomaem (weapon) {freeze, rC+}
   (You found it on level 2 of the Dungeon)

   It freezes those it strikes, dealing additional cold damage.
   It can also slow down cold-blooded creatures.
   rC:        It protects you from cold.
Missiles
 g - 5 datura-tipped darts (quivered)
 m - 7 poisoned darts
Armour
 a - a +1 cloak (worn)
 z - a +1 plate armour of poison resistance (worn)
Jewellery
 q - a +6 ring of strength (left hand)
Wands
 y - a wand of iceblast (6)
Scrolls
 h - a scroll of identify {unknown}
 n - a scroll of poison {unknown}
 o - a scroll of immolation {unknown}
 t - a scroll of fear {unknown}
 v - a scroll of amnesia {unknown}
Potions
 b - a potion of attraction {unknown}
 c - a potion of might {unknown}
 d - a potion of mutation {unknown}
 e - a potion of berserk rage {unknown}
 f - a potion of heal wounds {unknown}
 i - 2 potions of curing
 j - a potion of flight {unknown}
 p - 2 potions of invisibility {unknown}
 r - a potion of degeneration {unknown}
 s - a potion of brilliance {unknown}
 u - a potion of cancellation {unknown}
 w - a potion of magic {unknown}
 x - a potion of lignification {unknown}


   Skills:
 + Level 6.1 Fighting
 + Level 5.5 Long Blades
 + Level 4.1 Axes
 + Level 5.8 Armour
 + Level 2.4 Dodging
 + Level 1.5 Stealth


You had 7 spell levels left.
You didn't know any spells.
Your spell library was empty.

Dungeon Overview and Level Annotations

Branches:
Dungeon (4/15)
 Temple: D:4-7

Altars:
Gozag
Uskayaw

Portals:
Bailey: D:7

Annotations:
D:7 Menkaure


Innate Abilities, Weirdness & Mutations

You are immune to sickness and miasma.
Your stone body is resilient. (AC +5)
You are immune to poison.
You resist negative energy. (rN+)
You are resistant to electric shocks. (rElec)
You are resistant to unholy torment.
You are immune to petrification.


Message History

The gnoll sergeant hits you but does no damage.
The black bear bites you but does no damage.
The black bear claws you but does no damage.
The black bear completely misses you.
Menkaure mumbles some strange words.
Menkaure seems to speed up.
The gnoll sergeant hits you but does no damage.
The black bear barely misses you. x2; The black bear claws you.
You hit the gnoll sergeant. You freeze the gnoll sergeant.
The gnoll sergeant is lightly wounded.
The black bear bites you.
The black bear claws you but does no damage. x2
The gnoll sergeant barely misses you.
You hit the gnoll sergeant. You freeze the gnoll sergeant.
The gnoll sergeant is moderately wounded.
The black bear bites you but does no damage.
The black bear claws you.
* * * LOW HITPOINT WARNING * * *
The black bear claws you but does no damage.
The gnoll sergeant hits you with a +0 spear.
* * * LOW HITPOINT WARNING * * *
Menkaure hits you.
* * * LOW HITPOINT WARNING * * *
The gnoll sergeant hits you but does no damage.
The black bear bites you but does no damage.
The black bear claws you but does no damage. x2
As you read the scroll of butterflies, it crumbles to dust.
You hear the tinkle of a tiny bell.
Menkaure hits you.
* * * LOW HITPOINT WARNING * * *
The gnoll sergeant hits you but does no damage.
The black bear bites you but does no damage.
The black bear barely misses you.
The black bear claws you but does no damage.
Menkaure hits you but does no damage. The black bear closely misses you.
The black bear claws you.
* * * LOW HITPOINT WARNING * * *
The black bear claws you.
* * * LOW HITPOINT WARNING * * *
The gnoll sergeant hits you with a +0 spear.
You die...

.....+.........# ..).
#...##........#######.)∩)
...##........#........)h
# ............#bb.bb....M
# ..###+###...')bb.bb# #
.# #...#.b.b.b#
.......#bbbb..#
........#bMhbbb#
#........#b@gb.b#
#...##+###bbbbb.#
###+#....bbbbbb.#
#...#..b.b#######
#...#.....+ #...#....b#
+...#.....# #...#.....#
#...#.....#


You could see a black bear (ally target), a gnoll sergeant (ally target) and
Menkaure (fast, ally target).

Vanquished Creatures
  Grinder (D:3)
  4 yaks (D:7)
  A water moccasin (D:7)
  A necrophage (D:7)
  A bullfrog (D:7)
  A jelly (D:7)
  A hound (D:4)
  An iguana (D:4)
  Jessica (D:2)
  An orc wizard (D:3)
  Natasha (thrice) (D:3)
  4 gnolls (D:7)
  5 adders
  3 dart slugs (D:2)
  3 orcs (D:3)
  12 ball pythons
  7 bats
  6 endoplasms
  5 giant cockroaches
  2 goblins
  4 hobgoblins
  3 quokkas
  A frilled lizard (D:2)
  5 kobolds
  6 rats
82 creatures vanquished.

Notes
Turn   | Place    | Note
-------+----------+-------------------------------------------
     0 | D:1      | Sabo the Gargoyle Berserker began the quest for the Orb.
     0 | D:1      | Reached XP level 1. HP: 14/14 MP: 1/1
   189 | D:1      | Reached XP level 2. HP: 19/19 MP: 2/2
   899 | D:1      | Reached XP level 3. HP: 16/23 MP: 3/3
  1182 | D:2      | Reached ** piety under Trog
  1263 | D:2      | Identified the +9 long sword of Ankomaem {freeze, rC+}
  1365 | D:2      | Found an opulent altar of Gozag.
  1550 | D:2      | Reached skill level 1 in Stealth
  1573 | D:2      | Reached XP level 4. HP: 29/29 MP: 4/4
  1835 | D:2      | Noticed Jessica
  1842 | D:2      | Killed Jessica
  2030 | D:3      | Noticed Grinder
  2035 | D:3      | Paralysed by Grinder for 5 turns
  2044 | D:3      | Paralysed by Grinder for 2 turns
  2050 | D:3      | Paralysed by Grinder for 3 turns
  2062 | D:3      | Killed Grinder
  2063 | D:3      | Reached skill level 4 in Fighting
  2063 | D:3      | Reached XP level 5. HP: 23/33 MP: 5/5
  2063 | D:3      | Reached XP level 6. HP: 27/38 MP: 6/6
  2533 | D:3      | Noticed Natasha
  2537 | D:3      | Killed Natasha
  2597 | D:3      | Noticed Natasha
  2614 | D:3      | Killed Natasha
  2667 | D:3      | Found a hide-covered altar of Uskayaw.
  2829 | D:3      | Noticed Natasha
  2834 | D:3      | Killed Natasha
  3214 | D:4      | Reached XP level 7. HP: 44/44 MP: 7/7
  3229 | D:4      | Upgraded the game from 0.30-a0-422-g946f4849ff to
                  | 0.30-a0-424-g7412bad402
  3486 | D:4      | You fall into a shaft and drop 3 floors!
  3556 | D:7      | Noticed a yak
  3556 | D:7      | Noticed a yak
  3563 | D:7      | Noticed a yak
  3564 | D:7      | Noticed a yak
  3570 | D:7      | Killed a yak
  3571 | D:7      | Reached skill level 5 in Armour
  3571 | D:7      | Killed a yak
  3572 | D:7      | Reached skill level 5 in Fighting
  3572 | D:7      | Reached XP level 8. HP: 28/49 MP: 8/8
  3578 | D:7      | Killed a yak
  3579 | D:7      | Reached skill level 5 in Long Blades
  3581 | D:7      | Killed a yak
  3766 | D:7      | Found a flagged portal.
  3768 | D:7      | Noticed Menkaure
  3788 | D:7      | Reached skill level 6 in Fighting
  3790 | D:7      | Reached *** piety under Trog
  3794 | D:7      | HP: 2/51 [black bear (2)]
  3794 | D:7      | Slain by a gnoll sergeant

Illustrated notes

Levels and vault maps discovered:
D:1:      dpeg_arrival_connections, layout_basic, hangedman_decor_opposing
D:2:      layout_loops_ring, basic_altar, uniq_jessica
D:3:      layout_loops_corners, doesnt_xom_only_xom, overflow_temple_1_default,
          amcnicky_mini_corridor_feature, uniq_natasha, uniq_grinder
D:4:      layout_loops_cross, nicolae_overflow_two_pavilions,
          kennysheep_okawaru_gauntlet, nicolae_overflow_crystal_walls,
          minmay_temple_entry_enclosed_plants
D:7:      layout_gridville, enter_bailey_2, uniq_menkaure

Skill      XL: |  1  2  3  4  5  6  7  8 |
---------------+-------------------------+-----
Axes           | 3 4 |  4.1
Dodging        | 2 |  2.4
Stealth        | 1 |  1.5
Fighting       | 4 5 6 |  6.1
Long Blades    | 2 4 5 |  5.5
Armour         | 3 4 5 |  5.8

Action                   |  1- 3 |  4- 6 |  7- 9 || total
-------------------------+-------+-------+-------++-------
Melee: Hand axe          |    67 |       |       ||    67
       Long sword        |    27 |    52 |    50 ||   129
       Punch             |       |     1 |       ||     1
Invok: Berserk           |       |     2 |     2 ||     4
  Use: Scroll            |       |     2 |     2 ||     4
       Potion            |       |       |     1 ||     1
Armor: Animal skin       |    21 |       |       ||    21
       Leather armour    |     1 |       |       ||     1
       Ring mail         |    21 |    11 |       ||    32
       Plate armour      |       |    25 |    58 ||    83
Dodge: Dodged            |    57 |    34 |    27 ||   118

Table legend: (Time is in decaauts)
 A = Elapsed time spent in this place.
 B = Non-inter-level travel time spent in this place.
 C = Inter-level travel time spent in this place.
 D = Time resting spent in this place.
 E = Time spent auto-exploring this place.
 F = Levels seen in this place.
 G = Mean time per level.
                   A        B        C        D        E       F      G
               +--------+--------+--------+--------+--------+-----+--------+
         Total |   3875 |   3875 |      0 |    682 |      0 |   5 |  775.0 |
       Dungeon |   3875 |   3875 |      0 |    682 |      0 |   5 |  775.0 |
               +--------+--------+--------+--------+--------+-----+--------+

Top non-repeatable levels by time:
     D:3: 1208 daAuts
     D:1: 1117 daAuts
     D:2: 925 daAuts
     D:7: 317 daAuts
     D:4: 307 daAuts
